[Event "Amsterdam Chess Open 2024"]
[Site "Amsterdam"]
[Date "2024.11.02"]
[Round "3.1"]
[White "Sharan, Rao"]
[Black "Stanojevic, Ilija"]
[Result "1/2-1/2"]
[ECO "A05"]
[WhiteElo "2401"]
[BlackElo "2197"]
[Annotator "TA"]
[PlyCount "70"]
[EventDate "2024.10.31"]
[EventType "swiss"]
[EventCountry "NED"]
[SourceTitle "playchess.com"]
[Source "ChessBase"]
[SourceQuality "1"]
[TimeControl "5400+30"]

1. Nf3 Nf6 2. e3 g6 3. b4 Bg7 4. Bb2 O-O 5. Be2 d6 6. d4 Nbd7 7. O-O Re8 8. c4 c6 9. Nc3 e5 10. Qc2 e4 11. Nd2 Qe7 12. Rfd1 h5 13. Rac1 h4 14. h3 Nf8 15. d5 g5 (15... cxd5 $142 16. Nxd5 Nxd5 17. cxd5 Bxb2 18. Qxb2 Bf5) 16. dxc6 $16 bxc6 17. b5 c5 18. Nb3 a5 (18... g4 $16) 19. Na4 $18 {[%emt 0:12:00] Hoping for Qd2.} Bf5 20. Rd2 (20. Qd2 $18 {is more deadly.} Rad8 21. Nxa5) 20... Ng6 (20... N8d7 $16) 21. Rcd1 g4 $2 {[%emt 0:02:17] [#]} (21... Ne5 {was worth a try.} 22. Bxe5 (22. Rxd6 Nd3 $18) 22... Qxe5 23. Rxd6 g4) 22. Bxf6 (22. Rxd6 gxh3 23. gxh3 (23. Naxc5 a4 $15) (23. Nbxc5 hxg2 24. Kxg2 h3+ 25. Kh1 Ng4 $17) 23... Bxh3 $16) 22... Qxf6 23. hxg4 (23. Bxg4 Bxg4 24. hxg4 Qe6 $18) 23... h3 24. gxh3 (24. gxf5 $18 Qxf5 25. g3 (25. Rxd6 hxg2 26. Kxg2 Nh4+ 27. Kf1 Qh3+ 28. Ke1 Qf5 $18)) 24... Qh4 $1 $11 25. Kg2 {[%emt 0:03:18] [#]} (25. Rxd6 $2 {too greedy.} Qxh3 26. Rxg6 (26. gxf5 {leads to mate.} Nh4) 26... Bxg6 $19) (25. gxf5 $11 Qxh3 26. fxg6) 25... Nf4+ $1 $17 26. exf4 e3 27. Bd3 $1 Bxg4 28. hxg4 Qxg4+ 29. Kf1 Qh3+ 30. Ke1 $2 (30. Kg1 $11 exd2 31. Nxd2 (31. Qxd2 $2 {loses.} Qg4+ 32. Kf1 Qf3 $19) 31... Qg4+ 32. Kf1 Qh3+ 33. Kg1 Qg4+ 34. Kf1 Qh3+ 35. Kg1) 30... exf2+ $2 (30... Qg2 $19 31. Bh7+ Kf8) 31. Kxf2 $11 {[%emt 0:00:02] The position is equal.} Qh2+ 32. Kf1 Qh1+ 33. Kf2 Qh2+ 34. Kf1 Qh1+ 35. Kf2 Qh2+ {[%emt 0:00:36] Quite a comeback for White.   Weighted Error Value: White=0.53/Black=0.44.  Loses game:     	White=1     	---        Missed win:     	White=2     	Black=1      Mistake:       	White=1     	Black=4      Inaccurate:     	---       	Black=4      OK:         	White=9     	Black=9      Best:        	White=3     	Black=1      Strong:       	White=1     	Black=1      Brilliant:      	---       	Black=1} 1/2-1/2

[Event "Amsterdam Chess Open 2024"]
[Site "Amsterdam"]
[Date "2024.11.02"]
[Round "3.2"]
[White "Ratsma, Midas"]
[Black "Johannesson, Oliver"]
[Result "1-0"]
[ECO "B32"]
[WhiteElo "2280"]
[BlackElo "2216"]
[Annotator "RC"]
[PlyCount "109"]
[EventDate "2024.10.31"]
[EventType "swiss"]
[EventCountry "NED"]
[SourceTitle "playchess.com"]
[Source "ChessBase"]
[SourceQuality "1"]
[TimeControl "5400+30"]

1. e4 c5 2. Nf3 Nc6 3. d4 cxd4 4. Nxd4 e5 5. Nb5 d6 6. N1c3 a6 7. Na3 Be7 8. Nc4 b5 9. Ne3 Nf6 10. Bd3 O-O 11. O-O Be6 12. a4 Nb4 13. Be2 Qb6 14. axb5 axb5 15. Rxa8 Rxa8 16. Bxb5 Nxe4 17. Nxe4 Qxb5 18. Nxd6 Qd7 19. Qf3 Ra1 20. Ndc4 Bxc4 21. Nxc4 Nxc2 22. Nxe5 Qe6 23. Nc6 Bf8 24. Qc3 Qe2 25. b3 h6 26. Nd4 Nxd4 27. Qxa1 Qd3 28. Be3 Ne2+ 29. Kh1 Qxb3 30. Rb1 Qc4 31. Rb8 Nf4 32. Qc1 Qxc1+ 33. Bxc1 Ne6 34. Ba3 h5 35. f4 g6 36. g3 Kg7 37. Bxf8+ Nxf8 38. Kg2 Nd7 39. Ra8 Nf6 40. Kf3 Ng4 41. h3 Nf6 42. Rd8 Nh7 43. Ke4 Kf6 44. Re8 Kg7 45. Ke5 Nf6 46. Rd8 Ng8 47. f5 gxf5 48. Kxf5 h4 49. g4 Ne7+ 50. Kg5 Ng6 51. Re8 f6+ 52. Kh5 Kf7 53. Ra8 Nf4+ 54. Kxh4 Kg6 55. Ra6 1-0

[Event "Amsterdam Chess Open 2024"]
[Site "Amsterdam"]
[Date "2024.11.02"]
[Round "3.2"]
[White "Ratsma, Midas"]
[Black "Johannesson, Oliver"]
[Result "*"]
[ECO "B32"]
[WhiteElo "2280"]
[BlackElo "2216"]
[Annotator "RC"]
[PlyCount "34"]
[EventDate "2024.10.31"]
[EventType "swiss"]
[EventCountry "NED"]
[SourceTitle "playchess.com"]
[Source "ChessBase"]
[SourceQuality "1"]
[TimeControl "5400+30"]

1. e4 c5 2. Nf3 Nc6 3. d4 cxd4 4. Nxd4 e5 5. Nb5 d6 6. N1c3 a6 7. Na3 Be7 8. Nc4 b5 9. Ne3 Nf6 10. Bd3 O-O 11. O-O Be6 12. a4 Nb4 13. Be2 Qb6 14. axb5 axb5 15. Rxa8 Rd8 16. Rb8 Rxb8 17. Bxb5 Ra8 *

[Event "Amsterdam Chess Open 2024"]
[Site "Amsterdam"]
[Date "2024.11.02"]
[Round "3.3"]
[White "Van Baar, Esper"]
[Black "Van Doren, Bas"]
[Result "1-0"]
[ECO "A35"]
[WhiteElo "2219"]
[BlackElo "2147"]
[Annotator "RC"]
[PlyCount "97"]
[EventDate "2024.10.31"]
[EventType "swiss"]
[EventCountry "NED"]
[SourceTitle "playchess.com"]
[Source "ChessBase"]
[SourceQuality "1"]
[TimeControl "5400+30"]

1. Nf3 c5 2. c4 Nc6 3. Nc3 g6 4. e3 Nf6 5. d4 cxd4 6. exd4 Bg7 7. d5 Nb8 8. Be2 d6 9. h3 Nbd7 10. Be3 a5 11. O-O O-O 12. Bd3 Nb6 13. Rc1 e5 14. dxe6 Bxe6 15. b3 d5 16. c5 Nc8 17. Bd4 Ne7 18. Na4 Nc6 19. Nb6 Rb8 20. Be3 Qc7 21. Bb1 Rbd8 22. Nd4 Qe5 23. Re1 Ne4 24. Nf3 Qh5 25. Nd4 Nxd4 26. Bxd4 Qg5 27. Bxg7 Kxg7 28. Qd4+ Kg8 29. Qe3 Qxe3 30. Rxe3 Rfe8 31. Bxe4 dxe4 32. Rxe4 Rd2 33. Ra4 Bf5 34. Nc4 Rd4 35. Rxa5 Re2 36. Ra7 Be4 37. a4 Bd5 38. Ra8+ Kg7 39. Rd8 Ree4 40. Rc3 Re1+ 41. Kh2 Red1 42. Ne3 Bc6 43. Rxd4 Rxd4 44. Nc4 h5 45. Na5 Bd5 46. c6 bxc6 47. Nxc6 Rd2 48. f3 Ra2 49. Nb4 1-0

[Event "Amsterdam Chess Open 2024"]
[Site "Amsterdam"]
[Date "2024.11.02"]
[Round "3.4"]
[White "Stojiljkovic, Stefan"]
[Black "Brookes, Christopher"]
[Result "1/2-1/2"]
[ECO "B31"]
[WhiteElo "2122"]
[BlackElo "2218"]
[Annotator "RC"]
[PlyCount "77"]
[EventDate "2024.10.31"]
[EventType "swiss"]
[EventCountry "NED"]
[SourceTitle "playchess.com"]
[Source "ChessBase"]
[SourceQuality "1"]
[TimeControl "5400+30"]

1. e4 c5 2. Nf3 Nc6 3. Bb5 g6 4. O-O Bg7 5. Bxc6 dxc6 6. h3 e5 7. d3 Ne7 8. Be3 b6 9. Qd2 O-O 10. Bh6 f6 11. Bxg7 Kxg7 12. Nc3 Be6 13. a3 Qd6 14. Ne2 Rad8 15. Qe3 g5 16. b4 c4 17. Rad1 cxd3 18. cxd3 h5 19. d4 g4 20. hxg4 hxg4 21. Nh4 Rh8 22. g3 Ng6 23. dxe5 Qxe5 24. Rxd8 Rxd8 25. Nxg6 Kxg6 26. Rc1 Rd6 27. Kg2 f5 28. exf5+ Kxf5 29. Qf4+ Qxf4 30. Nxf4 Bb3 31. Kg1 Bd1 32. Ng2 Bf3 33. Nh4+ Kg5 34. Nxf3+ gxf3 35. Rc3 Kg4 36. Rc4+ Kg5 37. Rc3 Kg4 38. Rc4+ Kg5 39. Rc3 1/2-1/2

[Event "Amsterdam Chess Open 2024"]
[Site "Amsterdam"]
[Date "2024.11.02"]
[Round "3.5"]
[White "Hummel, Paul"]
[Black "Van den Doel, Erik"]
[Result "0-1"]
[ECO "D45"]
[WhiteElo "2149"]
[BlackElo "2557"]
[Annotator "TA"]
[PlyCount "72"]
[EventDate "2024.10.31"]
[EventType "swiss"]
[EventCountry "NED"]
[SourceTitle "playchess.com"]
[Source "ChessBase"]
[SourceQuality "1"]
[TimeControl "5400+30"]

1. d4 d5 2. Nf3 Nf6 3. c4 c6 4. Nc3 e6 5. e3 Nbd7 6. cxd5 exd5 7. Bd3 Bd6 8. O-O O-O 9. Qc2 Re8 10. Re1 Nf8 11. h3 {[%emt 0:01:54] Prevents Bg4.} Be6 12. Ng5 h6 13. Nxe6 {[%emt 0:00:07] Black has an edge.} Nxe6 14. Bd2 Ng5 15. Re2 Bc7 16. f4 Nge4 17. Be1 Qd6 18. b4 a6 (18... Qxb4 $2 19. Nxe4 Qe7 20. Nxf6+ Qxf6 21. Rb1 $18) 19. Rc1 g5 (19... Qxb4 $2 20. Nxe4 Qe7 21. Nxf6+ Qxf6 22. Kh1 $18) 20. g3 Kh8 (20... Qxb4 $2 21. Nxe4 Qe7 22. Nxf6+ Qxf6 23. Rb1 $18) 21. Nxe4 Nxe4 22. a4 Qg6 $36 {[%emt 0:04:51][%mdl 2048] Black has some pressure.} 23. Rg2 gxf4 24. exf4 (24. gxf4 $15 Qh5 25. Bxe4 Rxe4 26. Rg3) 24... Bb6 $17 {[%emt 0:03:41] Black is more active.} 25. b5 ({Better is} 25. Bf2) 25... axb5 26. axb5 Bxd4+ 27. Kh2 c5 28. Bc3 Qf6 ({Much worse is} 28... Bxc3 $6 29. Bxe4 dxe4 (29... Qxe4 30. Qxc3+ d4 31. Qxc5 $11) 30. Qxc3+ Kh7 31. Qxc5 $11) 29. Bxd4 cxd4 30. Qb3 $2 {[%emt 0:06:13] [#] Loses the game.} (30. Re1 $17 {was worth a try.}) 30... Nc3 $19 31. Bb1 Re3 32. Rxc3 $2 (32. Qc2 Kg7 (32... Nxb5 33. Qh7#) 33. Qh7+ Kf8 34. Qc2) 32... dxc3 33. Qxd5 Rg8 34. Qxb7 Qg7 35. g4 Qf6 36. Rf2 Qh4 {[%emt 0:01:09][%csl LRf2,LRg4,LRh3] Weighted Error Value: White=0.71/Black=0.08 (flawless) .  Loses game:     	White=1     	---        Mistake:       	White=3     	---        Inaccurate:     	White=4     	---        OK:         	White=7     	Black=10     Best:        	---       	Black=2} 0-1

[Event "Amsterdam Chess Open 2024"]
[Site "Amsterdam"]
[Date "2024.11.02"]
[Round "3.6"]
[White "Coenen, Eduard"]
[Black "Brink, Barry"]
[Result "1/2-1/2"]
[ECO "D00"]
[WhiteElo "2136"]
[BlackElo "2342"]
[Annotator "RC"]
[PlyCount "96"]
[EventDate "2024.10.31"]
[EventType "swiss"]
[EventCountry "NED"]
[SourceTitle "playchess.com"]
[Source "ChessBase"]
[SourceQuality "1"]
[TimeControl "5400+30"]

1. d4 Nf6 2. c3 d5 3. Bf4 c5 4. e3 Nc6 5. Be2 Qb6 6. Na3 a6 7. Qb3 Qxb3 8. axb3 Bf5 9. Nf3 cxd4 10. exd4 h6 11. b4 g5 12. Be5 Bg7 13. O-O O-O 14. b5 Nxe5 15. Nxe5 Nd7 16. Nxd7 Bxd7 17. bxa6 bxa6 18. Nc2 a5 19. Ra2 Rab8 20. Rfa1 Rb6 21. Kf1 Rfb8 22. Ne3 Rxb2 23. Rxb2 Rxb2 24. Nd1 Rb8 25. Rxa5 e6 26. Ra7 Be8 27. g4 Bf8 28. Bd3 Bd6 29. h3 Kg7 30. Ke2 Bf4 31. Ra2 Rb7 32. Ne3 f6 33. c4 dxc4 34. Bxc4 Bb5 35. Bxb5 Rxb5 36. Ra7+ Kg6 37. Ra6 Bxe3 38. fxe3 e5 39. dxe5 Rxe5 40. Kf3 Rb5 41. Rc6 Rb8 42. Ra6 Rf8 43. Kg3 Re8 44. Kf3 Rh8 45. Kg3 h5 46. gxh5+ Rxh5 47. Ra4 f5 48. h4 gxh4+ 1/2-1/2

[Event "Amsterdam Chess Open 2024"]
[Site "Amsterdam"]
[Date "2024.11.02"]
[Round "3.7"]
[White "Elgersma, Onno"]
[Black "Bruns, Kai-Christian"]
[Result "0-1"]
[ECO "B45"]
[WhiteElo "2311"]
[BlackElo "2067"]
[Annotator "RC"]
[PlyCount "90"]
[EventDate "2024.10.31"]
[EventType "swiss"]
[EventCountry "NED"]
[SourceTitle "playchess.com"]
[Source "ChessBase"]
[SourceQuality "1"]
[TimeControl "5400+30"]

1. e4 c5 2. Nf3 e6 3. d4 cxd4 4. Nxd4 Nf6 5. Nc3 Nc6 6. Be2 Bb4 7. O-O Bxc3 8. bxc3 Nxe4 9. Nxc6 dxc6 10. Bd3 Nc5 11. Qg4 Qf6 12. Bg5 Qxc3 13. Qg3 h6 14. Bf4 Nxd3 15. cxd3 Qf6 16. Be5 Qg5 17. Bxg7 Rg8 18. Bxh6 Qxg3 19. fxg3 c5 20. Rf6 e5 21. Re1 Ke7 22. Rf2 f6 23. Ref1 Be6 24. Rxf6 Bxa2 25. Be3 b6 26. Rh6 Kd7 27. Rh7+ Kc6 28. Ra1 Be6 29. Raxa7 Rxa7 30. Rxa7 Bf5 31. Kf2 Bxd3 32. h4 b5 33. h5 b4 34. Bd2 Rb8 35. Ke3 c4 36. Bc1 Rg8 37. h6 Rxg3+ 38. Kf2 Rg8 39. Ra6+ Kc5 40. Ra5+ Kd4 41. Rb5 Kc3 42. Rxe5 Kc2 43. Be3 b3 44. Bd4 b2 45. h7 Rf8+ 0-1

[Event "Amsterdam Chess Open 2024"]
[Site "Amsterdam"]
[Date "2024.11.02"]
[Round "3.7"]
[White "Elgersma, Onno"]
[Black "Bruns, Kai-Christian"]
[Result "*"]
[ECO "B45"]
[WhiteElo "2311"]
[BlackElo "2067"]
[Annotator "RC"]
[PlyCount "62"]
[EventDate "2024.10.31"]
[EventType "swiss"]
[EventCountry "NED"]
[SourceTitle "playchess.com"]
[Source "ChessBase"]
[SourceQuality "1"]
[TimeControl "5400+30"]

1. e4 c5 2. Nf3 e6 3. d4 cxd4 4. Nxd4 Nf6 5. Nc3 Nc6 6. Be2 Bb4 7. O-O Bxc3 8. bxc3 Nxe4 9. Nxc6 dxc6 10. Bd3 Nc5 11. Qg4 Qf6 12. Bg5 Qxc3 13. Qg3 h6 14. Bf4 Nxd3 15. cxd3 Qf6 16. Be5 Qg5 17. Bxg7 Rg8 18. Bxh6 Qxg3 19. fxg3 c5 20. Rf6 e5 21. Re1 Ke7 22. Rf2 f6 23. Ref1 Be6 24. Rxf6 Bxa2 25. Be3 b6 26. Rh6 Kd7 27. Rh7+ Kc6 28. Ra1 Be6 29. Ra4 a6 30. Rxa6 Ra7 31. Raxa7 Bf5 *

[Event "Amsterdam Chess Open 2024"]
[Site "Amsterdam"]
[Date "2024.11.02"]
[Round "3.8"]
[White "Moss, Guy"]
[Black "Pham, Khoi"]
[Result "0-1"]
[ECO "B32"]
[WhiteElo "2175"]
[BlackElo "2264"]
[Annotator "RC"]
[PlyCount "94"]
[EventDate "2024.10.31"]
[EventType "swiss"]
[EventCountry "NED"]
[SourceTitle "playchess.com"]
[Source "ChessBase"]
[SourceQuality "1"]
[TimeControl "5400+30"]

1. e4 c5 2. Nf3 Nc6 3. d4 cxd4 4. Nxd4 e5 5. Nb5 d6 6. N1c3 a6 7. Na3 Be6 8. Nd5 Nf6 9. Nxf6+ Qxf6 10. c4 Qg6 11. f3 Be7 12. Be3 O-O 13. g4 Bh4+ 14. Bf2 Qf6 15. Rg1 Nd4 16. Be2 Rac8 17. Rc1 h5 18. h3 Bxf2+ 19. Kxf2 Qf4 20. Rc3 Qh2+ 21. Rg2 Qxh3 22. Nc2 Nxc2 23. Rxc2 hxg4 24. fxg4 Qh6 25. Qd3 b5 26. b3 bxc4 27. bxc4 Qf4+ 28. Qf3 Qxf3+ 29. Kxf3 Rc5 30. Rg1 Rfc8 31. Rgc1 Kf8 32. Rc3 Ke7 33. g5 d5 34. exd5 Bxd5+ 35. Ke3 f5 36. gxf6+ gxf6 37. Bd3 Be6 38. Rf1 Rh8 39. Rb3 Rh3+ 40. Kf2 f5 41. Bb1 Rh4 42. Ke3 f4+ 43. Kd2 Rh2+ 44. Ke1 Rxc4 45. Rb7+ Kf6 46. Rf2 Rc1+ 47. Kd2 Rxb1 0-1

[Event "Amsterdam Chess Open 2024"]
[Site "Amsterdam"]
[Date "2024.11.02"]
[Round "3.9"]
[White "Kazarian, Anna-Maja"]
[Black "Grutter, Tim"]
[Result "0-1"]
[ECO "C77"]
[WhiteElo "2178"]
[BlackElo "2350"]
[Annotator "RC"]
[PlyCount "96"]
[EventDate "2024.10.31"]
[EventType "swiss"]
[EventCountry "NED"]
[SourceTitle "playchess.com"]
[Source "ChessBase"]
[SourceQuality "1"]
[TimeControl "5400+30"]

1. e4 e5 2. Nf3 Nc6 3. Bb5 a6 4. Ba4 Nf6 5. d3 d6 6. c3 g6 7. O-O Bg7 8. Nbd2 O-O 9. Re1 h6 10. Nf1 b5 11. Bc2 a5 12. a4 b4 13. Ne3 Bb7 14. h3 d5 15. exd5 Nxd5 16. Ng4 h5 17. Ngxe5 Nxe5 18. Nxe5 bxc3 19. d4 cxb2 20. Bxb2 Nb4 21. Be4 Bxe4 22. Rxe4 Qd5 23. Qf3 Rfe8 24. Rf4 Qxf3 25. Rxf3 c5 26. Nxf7 Re2 27. Rb1 cxd4 28. Kf1 Rc2 29. Ng5 Re8 30. Rf7 Bh6 31. Rf6 Rc6 32. Rxc6 Nxc6 33. Bc1 Ne5 34. Rb6 Rc8 35. Bf4 Bxg5 36. Bxe5 d3 37. Rb8 Rxb8 38. Bxb8 Bd2 39. f4 Kf7 40. Kf2 Ke6 41. Kf3 Kd5 42. g4 hxg4+ 43. hxg4 Kc4 44. f5 gxf5 45. gxf5 Kb3 46. f6 Bb4 47. Bf4 d2 48. Ke2 Kc2 0-1

[Event "Amsterdam Chess Open 2024"]
[Site "Amsterdam"]
[Date "2024.11.02"]
[Round "3.10"]
[White "Saine, Zachary"]
[Black "Martyr, Reginald"]
[Result "1-0"]
[ECO "C18"]
[WhiteElo "2038"]
[BlackElo "2171"]
[Annotator "RC"]
[PlyCount "113"]
[EventDate "2024.10.31"]
[EventType "swiss"]
[EventCountry "NED"]
[SourceTitle "playchess.com"]
[Source "ChessBase"]
[SourceQuality "1"]
[TimeControl "5400+30"]

1. e4 e6 2. d4 d5 3. Nc3 Bb4 4. e5 c5 5. a3 Bxc3+ 6. bxc3 Ne7 7. Qg4 Qc7 8. Qxg7 Rg8 9. Qxh7 cxd4 10. Ne2 Nbc6 11. f4 dxc3 12. Qd3 Bd7 13. Qxc3 Nf5 14. h3 d4 15. Qd3 Na5 16. Rg1 Bc6 17. g4 Nh4 18. Rg3 O-O-O 19. Bb2 f6 20. exf6 e5 21. fxe5 Qxe5 22. Bxd4 Rxd4 23. Qxd4 Qxg3+ 24. Nxg3 Nf3+ 25. Kf2 Nxd4 26. Bd3 Rf8 27. g5 Nf3 28. h4 Nxh4 29. Nh5 Be8 30. Rh1 Bxh5 31. Rxh4 Be8 32. Rf4 Rg8 33. g6 Rxg6 34. Bxg6 Bxg6 35. f7 Bxf7 36. Rxf7 Nc4 37. a4 a5 38. Ke2 Kb8 39. Rf4 Nb6 40. Kd3 Ka7 41. Rf5 Ka6 42. Rf6 Ka7 43. Rf4 Ka6 44. Rh4 Ka7 45. Kc3 Ka6 46. Kb3 Nd7 47. Kc4 b6 48. Kd5 Nc5 49. Kc6 Ne6 50. Rh8 Nd4+ 51. Kc7 Ne6+ 52. Kd6 Nc5 53. Kc6 Ka7 54. Rh7+ Ka6 55. c4 Nd3 56. Rh8 Ka7 57. Kb5 1-0

[Event "Amsterdam Chess Open 2024"]
[Site "Amsterdam"]
[Date "2024.11.02"]
[Round "3.11"]
[White "Baarslag, Ed"]
[Black "De Witte, Stein"]
[Result "1/2-1/2"]
[ECO "E04"]
[WhiteElo "1993"]
[BlackElo "1921"]
[Annotator "RC"]
[PlyCount "90"]
[EventDate "2024.10.31"]
[EventType "swiss"]
[EventCountry "NED"]
[SourceTitle "playchess.com"]
[Source "ChessBase"]
[SourceQuality "1"]
[TimeControl "5400+30"]

1. Nf3 d5 2. g3 Nf6 3. Bg2 c5 4. O-O Nc6 5. d4 e6 6. c4 dxc4 7. Ne5 Bd7 8. Nxc4 cxd4 9. Bf4 Nd5 10. Bxd5 exd5 11. Nd6+ Bxd6 12. Bxd6 Bh3 13. Ba3 Bxf1 14. Kxf1 Qd7 15. Nd2 Ne7 16. Nb3 O-O 17. Qxd4 Nc6 18. Qf4 Rfe8 19. e3 Qh3+ 20. Kg1 Re6 21. Qf3 Rh6 22. Qg2 Qxg2+ 23. Kxg2 Ne5 24. Bc5 b6 25. Bd4 Nc4 26. Bc3 Rd6 27. Nd4 g6 28. g4 Rd7 29. h4 Nd6 30. Rh1 Ne4 31. Be1 Rc8 32. f3 Nc5 33. Bg3 Ne6 34. Nxe6 fxe6 35. Be5 Rc2+ 36. Kg3 Re2 37. Rc1 Rxe3 38. Rc8+ Kf7 39. Kf4 Rxe5 40. Kxe5 d4 41. Rc2 Rd5+ 42. Ke4 d3 43. Rd2 Ra5 44. a3 Rb5 45. Rxd3 Ke7 1/2-1/2

[Event "Amsterdam Chess Open 2024"]
[Site "Amsterdam"]
[Date "2024.11.02"]
[Round "3.12"]
[White "Schoonackers, Jeroen"]
[Black "Fritschy, Pieter"]
[Result "1/2-1/2"]
[ECO "D41"]
[WhiteElo "1983"]
[BlackElo "1930"]
[Annotator "RC"]
[PlyCount "75"]
[EventDate "2024.10.31"]
[EventType "swiss"]
[EventCountry "NED"]
[SourceTitle "playchess.com"]
[Source "ChessBase"]
[SourceQuality "1"]
[TimeControl "5400+30"]

1. d4 Nf6 2. c4 e6 3. Nc3 d5 4. cxd5 Nxd5 5. e4 Nxc3 6. bxc3 c5 7. Rb1 cxd4 8. cxd4 Be7 9. Nf3 O-O 10. Bc4 Nd7 11. O-O Nf6 12. Qe2 b6 13. d5 exd5 14. exd5 Bb7 15. Rd1 Bd6 16. Bg5 h6 17. Bh4 Re8 18. Qd3 g5 19. Bg3 Bxg3 20. hxg3 Qd6 21. Nd4 Rac8 22. Nf5 Qc5 23. Nxh6+ Kf8 24. Qf5 Qd6 25. Bb3 Re5 26. Qd3 Bxd5 27. Nf5 Qe6 28. Nd4 Qe7 29. Nf3 Bxb3 30. Qxb3 Rec5 31. Re1 Qc7 32. Qb2 Qc6 33. Ne5 Qd6 34. Nd7+ Qxd7 35. Qxf6 Kg8 36. Rbd1 Qf5 37. Rd8+ Rxd8 38. Qxd8+ 1/2-1/2

[Event "Amsterdam Chess Open 2024"]
[Site "Amsterdam"]
[Date "2024.11.02"]
[Round "3.13"]
[White "Maes, Djad"]
[Black "Heij, Jacco"]
[Result "0-1"]
[ECO "C54"]
[WhiteElo "1916"]
[BlackElo "1979"]
[Annotator "RC"]
[PlyCount "56"]
[EventDate "2024.10.31"]
[EventType "swiss"]
[EventCountry "NED"]
[SourceTitle "playchess.com"]
[Source "ChessBase"]
[SourceQuality "1"]
[TimeControl "5400+30"]

1. e4 e5 2. Nf3 Nc6 3. Bc4 Bc5 4. c3 Nf6 5. d3 d6 6. O-O a6 7. Re1 Ba7 8. a4 h6 9. Nbd2 O-O 10. Nf1 Re8 11. Ng3 Be6 12. Bxe6 Rxe6 13. d4 Re8 14. h3 Qd7 15. dxe5 Nxe5 16. Be3 Bxe3 17. Rxe3 Rad8 18. Re1 g6 19. Qd4 Nxf3+ 20. gxf3 Nh7 21. Kg2 Ng5 22. Rh1 Qe7 23. h4 Ne6 24. Qe3 h5 25. Rag1 Qf6 26. Qh6 Qf4 27. Nf5 Qxh6 28. Nxh6+ Kg7 0-1

[Event "Amsterdam Chess Open 2024"]
[Site "Amsterdam"]
[Date "2024.11.02"]
[Round "3.14"]
[White "Van der Meiden, Dirk"]
[Black "Aziz, Daniel"]
[Result "1-0"]
[ECO "C11"]
[WhiteElo "1968"]
[BlackElo "1882"]
[Annotator "RC"]
[PlyCount "123"]
[EventDate "2024.10.31"]
[EventType "swiss"]
[EventCountry "NED"]
[SourceTitle "playchess.com"]
[Source "ChessBase"]
[SourceQuality "1"]
[TimeControl "5400+30"]

1. e4 e6 2. d4 d5 3. Nc3 Nf6 4. e5 Nfd7 5. f4 c5 6. Nf3 Nc6 7. Be3 cxd4 8. Nxd4 Bc5 9. Qd2 a6 10. O-O-O O-O 11. Kb1 Nxd4 12. Bxd4 b5 13. h4 b4 14. Ne2 a5 15. Rh3 Ba6 16. f5 Qc7 17. c3 Rfc8 18. fxe6 fxe6 19. Nf4 Bxd4 20. cxd4 Bxf1 21. Rxf1 Ra6 22. Rhh1 Rc6 23. Rc1 Rxc1+ 24. Rxc1 Qxc1+ 25. Qxc1 Rxc1+ 26. Kxc1 Kf7 27. Kc2 Nb6 28. g4 g6 29. Nh3 h6 30. g5 hxg5 31. hxg5 Nd7 32. Kb3 Nb8 33. Ng1 Nc6 34. Nf3 Ke7 35. Ka4 Kd7 36. Kb5 Kc7 37. Ka6 a4 38. b3 axb3 39. axb3 Ne7 40. Kb5 Nf5 41. Kxb4 Kb6 42. Ka4 Ne3 43. Nh4 Nc2 44. Nxg6 Nxd4 45. Nf4 Nc6 46. g6 d4 47. g7 Ne7 48. Kb4 Nc6+ 49. Ka4 Ne7 50. Ng6 d3 51. Nxe7 d2 52. g8=Q d1=Q 53. Qxe6+ Ka7 54. Nc6+ Kb7 55. Qc4 Qa1+ 56. Kb4 Qe1+ 57. Qc3 Qe4+ 58. Ka3 Qh1 59. Na5+ Kb6 60. Qc6+ Qxc6 61. Nxc6 Kxc6 62. Kb4 1-0

[Event "Amsterdam Chess Open 2024"]
[Site "Amsterdam"]
[Date "2024.11.02"]
[Round "3.15"]
[White "Mikko, Rondo"]
[Black "Winnubst, Paul"]
[Result "1-0"]
[ECO "D35"]
[WhiteElo "1966"]
[BlackElo "1876"]
[Annotator "RC"]
[PlyCount "63"]
[EventDate "2024.10.31"]
[EventType "swiss"]
[EventCountry "NED"]
[SourceTitle "playchess.com"]
[Source "ChessBase"]
[SourceQuality "1"]
[TimeControl "5400+30"]

1. d4 d5 2. Nf3 Nf6 3. c4 e6 4. e3 Be7 5. Nc3 O-O 6. cxd5 exd5 7. Bd3 Bg4 8. Qb3 Bxf3 9. gxf3 b6 10. O-O c5 11. dxc5 Bxc5 12. Rd1 Nc6 13. Qa4 Rc8 14. Bf5 Rc7 15. f4 g6 16. Bh3 h5 17. Bg2 Ne7 18. Nb5 Rd7 19. b4 Bd6 20. Bh3 Nf5 21. Bxf5 gxf5 22. f3 Qe7 23. Nd4 Kh8 24. Kf2 Ne4+ 25. fxe4 Qh4+ 26. Kg1 Rg8+ 27. Kh1 Qg4 28. Qc2 Be5 29. Bb2 Rc7 30. Qf2 Kh7 31. Rg1 Bxd4 32. Rxg4 1-0

[Event "Amsterdam Chess Open 2024"]
[Site "Amsterdam"]
[Date "2024.11.02"]
[Round "3.16"]
[White "Makhmud, Adi"]
[Black "Nies, Levi"]
[Result "0-1"]
[ECO "B33"]
[WhiteElo "1941"]
[BlackElo "1859"]
[Annotator "RC"]
[PlyCount "138"]
[EventDate "2024.10.31"]
[EventType "swiss"]
[EventCountry "NED"]
[SourceTitle "playchess.com"]
[Source "ChessBase"]
[SourceQuality "1"]
[TimeControl "5400+30"]

1. e4 c5 2. Nf3 Nc6 3. d4 cxd4 4. Nxd4 Nf6 5. Nc3 e5 6. Ndb5 d6 7. Bg5 a6 8. Na3 b5 9. Nab1 Be7 10. Bxf6 Bxf6 11. a4 b4 12. Nd5 a5 13. Bc4 O-O 14. O-O Bg5 15. c3 Rb8 16. Bb5 Na7 17. Qd3 Nxb5 18. axb5 Be6 19. Rd1 f5 20. cxb4 axb4 21. Nxb4 fxe4 22. Qxe4 Qb6 23. Nd3 Bf5 24. Qd5+ Kh8 25. Nc3 Bxd3 26. Qxd3 Qxf2+ 27. Kh1 Qxb2 28. Rdb1 Qf2 29. Ne4 Qe3 30. Qxe3 Bxe3 31. Nxd6 Bc5 32. Ne4 Bd4 33. Ra5 Rb6 34. g3 Rfb8 35. Ra3 Kg8 36. Rab3 Kf7 37. Nd2 Rc8 38. Rb4 Rc2 39. Nc4 Rf6 40. b6 Rff2 41. Nd6+ Ke6 42. Rxd4 exd4 43. Nb5 Rxh2+ 44. Kg1 Rcg2+ 45. Kf1 Rh1+ 46. Kxg2 Rxb1 47. Nxd4+ Kf7 48. Kf3 Rxb6 49. g4 Rb4 50. Nf5 Ra4 51. Ng3 g6 52. Ne4 h6 53. Nc5 Rc4 54. Nd3 Kf6 55. Nf2 Ke5 56. Nd3+ Kf6 57. Nf2 Kg5 58. Nh3+ Kh4 59. Nf2 g5 60. Kg2 Rxg4+ 61. Kh2 Ra4 62. Nd3 Ra2+ 63. Kg1 g4 64. Nb4 Rd2 65. Kf1 g3 66. Nc6 Kh3 67. Ne5 g2+ 68. Ke1 g1=Q+ 69. Kxd2 Qg5+ 0-1

[Event "Amsterdam Chess Open 2024"]
[Site "Amsterdam"]
[Date "2024.11.02"]
[Round "3.17"]
[White "Leentjens, Gilbert"]
[Black "Mohnkern, Ansgar"]
[Result "1-0"]
[ECO "C29"]
[WhiteElo "1872"]
[BlackElo "1958"]
[Annotator "RC"]
[PlyCount "61"]
[EventDate "2024.10.31"]
[EventType "swiss"]
[EventCountry "NED"]
[SourceTitle "playchess.com"]
[Source "ChessBase"]
[SourceQuality "1"]
[TimeControl "5400+30"]

1. e4 e5 2. Nc3 Nf6 3. f4 d5 4. fxe5 Nxe4 5. Nf3 Bc5 6. Qe2 Bf5 7. d4 Bb4 8. a3 Bxc3+ 9. bxc3 Nxc3 10. Qe3 Ne4 11. Bd3 O-O 12. O-O c5 13. a4 cxd4 14. Nxd4 Bg6 15. Ba3 Re8 16. e6 fxe6 17. Bxe4 Bxe4 18. Nxe6 Rxe6 19. Rf8+ Qxf8 20. Bxf8 Kxf8 21. Qc5+ Ke8 22. Qc8+ Ke7 23. Qxb7+ Nd7 24. Qxa8 d4 25. Qxa7 Bxc2 26. Qxd4 Be4 27. Qxg7+ Kd8 28. Rd1 Re7 29. Qf8+ Re8 30. Qd6 Re7 31. Qb8# 1-0